 Dungeon Crawl Stone Soup version 0.30-a0-715-gdb4ae3ece1 (webtiles) character file.

Game seed: 9110641268235229298

1682 gelatine the Firebug (level 8, -1/57 HPs)
             Began as a Demonspawn Fire Elementalist on Jan 24, 2023.
             Slain by an iguana (6 damage)
             ... on level 5 of the Dungeon.
             The game lasted 00:09:38 (3063 turns).

gelatine the Firebug (Demonspawn Fire Elementalist) Turns: 3063, Time: 00:09:38

Health: -1/57      AC:  6    Str:  8    XL:     8   Next: 71%
Magic:  5/16       EV: 13    Int: 18    God:
Gold:   227        SH:  0    Dex: 15    Spells: 15/18 levels left

rFire   . . .      SeeInvis .    g - +0 rapier
rCold   . . .      Faith    .    (no shield)
rNeg    . . .      Spirit   .    a - +0 robe
rPois   .          Reflect  .    l - +0 hat
rElec   .          Harm     .    o - +0 cloak
rCorr   .          Rampage  .    (no gloves)
Will    .....                    (no boots)
Stlth   ++                       f - amulet of magic regeneration
HPRegen 0.29/turn                (no ring)
MPRegen 0.55/turn                (no ring)

@: no status effects
A: claws 1, slimy green scales 2, powered by death 1
a: no special abilities


You were on level 5 of the Dungeon.
You visited 1 branch of the dungeon, and saw 5 of its levels.
You also visited: Ossuary.

You collected 227 gold pieces.

Inventory:

Hand Weapons
 g - a +0 rapier (weapon)
Missiles
 d - 2 atropa-tipped darts
Armour
 a - a +0 robe (worn)
 l - a +0 hat (worn)
 o - a +0 cloak (worn)
Jewellery
 f - an amulet of magic regeneration (around neck)
 x - an amulet of guardian spirit
Wands
 p - a wand of flame (52)
Scrolls
 c - 2 scrolls of blinking {unknown}
 e - 3 scrolls of identify {unknown}
 h - 2 scrolls of enchant weapon {unknown}
 i - 2 scrolls of noise {unknown}
 k - 2 scrolls of amnesia {unknown}
 s - 2 scrolls of teleportation {unknown}
 t - a scroll of butterflies {unknown}
 v - a scroll of poison {unknown}
 w - 2 scrolls of enchant armour {unknown}
 y - a scroll of immolation {unknown}
 A - a scroll of vulnerability {unknown}
 B - a scroll of fear {unknown}
Potions
 b - 3 potions of magic
 j - 4 potions of might {unknown}
 m - 2 potions of berserk rage {unknown}
 n - 2 potions of curing
 q - a potion of lignification {unknown}
 r - 2 potions of attraction {unknown}
 u - a potion of haste {unknown}
 z - a potion of mutation {unknown}


   Skills:
 * Level 2.8 Fighting
 * Level 2.8 Short Blades
 * Level 3.1 Dodging
 + Level 2.6 Stealth
 + Level 5.5 Spellcasting
 * Level 4.5 Conjurations
 * Level 5.6 Fire Magic
 * Level 2.1 Evocations


You had 15 spell levels left.
You knew the following spells:

 Your Spells              Type           Power      Damage    Failure   Level
a - Foxfire               Conj/Fire      92%        2x1d8     1%          1
b - Scorch                Fire           50%        2d8       1%          2

Your spell library contained the following spells:

 Spells                   Type           Power      Damage    Failure   Level
 Inner Flame              Hex/Fire       15%        N/A       12%         3
 Flame Wave               Conj/Fire      23%        2d8       16%         4
 Kindle Blastsparks       Fire/Tloc/Air  22%        2d11      17%         3
 Ensorcelled Hibernation  Hex/Ice        8%         N/A       19%         2
 Passwall                 Tmut/Erth      3%         N/A       19%         2
 Swiftness                Air            4%         N/A       36%         3


Dungeon Overview and Level Annotations

Branches:
Dungeon (6/15)            Ossuary (visited)
 Temple: D:4-7

Altars:

Shops:
D:6 !

Annotations:
D:5 Eustachio


Innate Abilities, Weirdness & Mutations

You have sharp fingernails.
You are mostly covered in slimy green scales. (AC +3)
You regenerate a little health from kills.


Message History

The iron imp hits you!
Casting: Scorch (safe; 1% risk of failure)
Confirm with . or Enter, or press ? or * to list all spells.
Flames lash Eustachio.
Eustachio is heavily wounded.
Eustachio's fire resistance burns away.
The ufetubus hits you but does no damage. x2
The ufetubus closely misses you. The ufetubus barely misses you.
The scorpion stings you. The ufetubus closely misses you. x2
The ufetubus completely misses you. The ufetubus closely misses you.
Casting: Scorch (safe; 1% risk of failure)
Confirm with . or Enter, or press ? or * to list all spells.
Flames lash the scorpion.
You kill the scorpion!
You hear a shout!
The iron imp hits you but does no damage.
The ufetubus closely misses you. The ufetubus barely misses you.
The ufetubus hits you but does no damage.
The ufetubus barely misses you.
An orc priest comes into view. It is wielding a +0 hand axe.
Casting: Scorch (safe; 1% risk of failure)
Confirm with . or Enter, or press ? or * to list all spells.
Flames lash the ufetubus.
The ufetubus is burned terribly!
You kill the ufetubus!
The ufetubus disappears in a puff of smoke!
The ufetubus hits you. x2; The quokka barely misses you.
The iron imp closely misses you.
The orc priest invokes the aid of Beogh against you.
Beogh smites you!
* * * LOW HITPOINT WARNING * * *
Eustachio casts a spell.
Eustachio blinks!
The ufetubus barely misses you.
The ufetubus hits you but does no damage.
You feel better.
The quokka bites you but does no damage.
The ufetubus hits you but does no damage.
The ufetubus hits you.
* * * LOW HITPOINT WARNING * * *
The iron imp misses you. The iguana bites you.
You die...

#### ....# #..####
#....# #####5@.#
#...#rl5# #...rrr#
##..o.#
##..@#############
###....'..........>#
#....o.###########.#
#...#...###########'##
#####.o.#............#


You could see Eustachio (combustible), an iguana, an iron imp (summoned), an orc
priest, a river rat (summoned), an orc, an ufetubus (summoned), 2 quokkas and a
rat (summoned).

Vanquished Creatures
  A phantom (D:5)
  3 necrophages (D:5)
  12 scorpions
  2 hounds (D:5)
  A centaur zombie (Ossuary)
  4 human zombies (Ossuary)
  Ijyb (D:5)
  6 scorpion zombies (Ossuary)
  Natasha (thrice) (D:2)
  3 orc wizards (D:5)
  3 mummies (Ossuary)
  5 adders
  2 shadow imps (D:5)
  A worm (D:5)
  A dart slug (D:2)
  9 orcs
  6 endoplasms
  A giant cockroach (D:2)
  3 gnoll zombies (Ossuary)
  4 goblins
  5 hobgoblins
  3 quokkas
  5 ball pythons
  7 bats
  3 goblin zombies
  2 hobgoblin zombies (Ossuary)
  5 kobolds
  3 kobold zombies (Ossuary)
  An orc zombie (Ossuary)
  6 rats
  A rat zombie (D:5)
112 creatures vanquished.

Vanquished Creatures (others)
  551 foxfires
551 creatures vanquished.

Grand Total: 663 creatures vanquished

Notes
Turn   | Place    | Note
-------+----------+-------------------------------------------
     0 | D:1      | gelatine the Demonspawn Fire Elementalist began the quest
                  | for the Orb.
     0 | D:1      | Reached XP level 1. HP: 13/13 MP: 3/3
   336 | D:1      | Gained mutation: You are partially covered in slimy green
                  | scales. (AC +2) [demonic ancestry]
   336 | D:1      | Reached XP level 2. HP: 19/19 MP: 3/5
   768 | D:2      | Reached XP level 3. HP: 23/24 MP: 1/6
   820 | D:2      | Identified the +6 short sword of Cecwumiv {heavy, *Rage
                  | rF++ Stlth+}
   893 | D:2      | Noticed Natasha
   900 | D:2      | Killed Natasha
  1074 | D:2      | Gained mutation: You are mostly covered in slimy green
                  | scales. (AC +3) [demonic ancestry]
  1074 | D:2      | Reached XP level 4. HP: 30/30 MP: 7/7
  1249 | D:2      | Noticed Natasha
  1255 | D:2      | Killed Natasha
  1329 | D:2      | Noticed Natasha
  1333 | D:2      | Killed Natasha
  1564 | D:3      | Gained mutation: You have sharp fingernails. [demonic
                  | ancestry]
  1564 | D:3      | Reached XP level 5. HP: 35/35 MP: 6/9
  1810 | D:3      | You fall into a shaft and drop 3 floors!
  1812 | D:6      | Found Fizasch's Distillery.
  1825 | D:5      | Entered Level 5 of the Dungeon
  1834 | D:5      | Learned a level 2 spell: Scorch
  1864 | D:5      | Noticed Ijyb
  1874 | D:5      | Killed Ijyb
  1875 | D:5      | Reached skill level 1 in Short Blades
  1962 | D:5      | Reached XP level 6. HP: 41/41 MP: 5/10
  2107 | D:5      | Found a sand-covered staircase.
  2118 | Ossuary  | Entered an ossuary
  2152 | Ossuary  | Gained mutation: You regenerate a little health from kills.
                  | [demonic ancestry]
  2152 | Ossuary  | Reached XP level 7. HP: 41/47 MP: 11/13
  2299 | Ossuary  | Reached skill level 1 in Fighting
  2441 | Ossuary  | Reached skill level 1 in Evocations
  2560 | Ossuary  | Reached skill level 5 in Fire Magic
  2560 | Ossuary  | Reached XP level 8. HP: 37/54 MP: 15/15
  2644 | Ossuary  | Reached skill level 5 in Spellcasting
  3035 | D:5      | Noticed Eustachio
  3063 | D:5      | Slain by an iguana

Illustrated notes

Levels and vault maps discovered:
D:1:      dpeg_arrival_renting, layout_rooms
D:2:      layout_basic, kennysheep_generic_room_12, uniq_natasha
D:3:      layout_basic, grunt_decor_mini_mirrors
D:5:      layout_basic, gammafunk_temple_overflow_claw, temple_doors_e,
          enter_ossuary_4, saegor_snake_ambush, uniq_eustachio, uniq_ijyb,
          uniq_crazy_yiuf_cottage
D:6:      layout_rooms, serial_shops, nicolae_stop_n_shop_2

Skill      XL: |  1  2  3  4  5  6  7  8 |
---------------+-------------------------+-----
Fire Magic     | 3 4 5 |  5.6
Stealth        | 2 |  2.6
Conjurations   | 2 3 4 |  4.5
Dodging        | 2 3 |  3.1
Spellcasting   | 3 4 5 |  5.5
Short Blades   | 1 2 |  2.8
Fighting       | 1 2 |  2.8
Evocations     | 1 2 |  2.1

Action                     |  1- 3 |  4- 6 |  7- 9 || total
---------------------------+-------+-------+-------++-------
  Melee: Rapier            |    33 |    28 |    63 ||   124
         Punch             |     1 |       |       ||     1
   Cast: Foxfire           |    59 |   111 |   151 ||   321
         Scorch            |       |     6 |    24 ||    30
    Use: Potion            |       |       |     2 ||     2
   Stab: Sleeping          |     2 |       |       ||     2
 Armour: Robe              |    10 |    16 |    43 ||    69
  Dodge: Dodged            |    25 |    22 |   101 ||   148

Table legend: (Time is in decaauts)
 A = Elapsed time spent in this place.
 B = Non-inter-level travel time spent in this place.
 C = Inter-level travel time spent in this place.
 D = Time resting spent in this place.
 E = Time spent auto-exploring this place.
 F = Levels seen in this place.
 G = Mean time per level.
                   A        B        C        D        E       F      G
               +--------+--------+--------+--------+--------+-----+--------+
         Total |   3089 |   3058 |     31 |      0 |   2203 |   6 |  514.8 |
       Dungeon |   2309 |   2278 |     31 |      0 |   1748 |   5 |  461.8 |
       Ossuary |    779 |    779 |      0 |      0 |    455 |   1 |  779.0 |
               +--------+--------+--------+--------+--------+-----+--------+

Top non-repeatable levels by time:
 Ossuary: 779 daAuts
     D:2: 733 daAuts
     D:1: 680 daAuts
     D:5: 477 daAuts
     D:3: 404 daAuts
     D:6: 14 daAuts
